AoeStats
← YNWA27

Lombardia

508719004Analyzed
2v2 RM · 7d ago on Sep 23, 2026· 21m 4s· 4 players
Game mode
Random Map
Map size
Medium (4 player)
Population
200
Speed
Normal
Resources
Standard
Victory
Conquest
Starting age
Dark Age
Ending age
Imperial Age
RankedLock teamsTeams togetherTeam positionsShared explorationLock speedFull tech treeHidden civsTurbo modeCheats
Victory
Defeat
🇩🇪 Lithuanians · Germany
1107
+15
🇩🇪 Mongols · Germany
1039
+18
🇧🇷 Poles · Brazil
1121
-18
🇧🇷 Romans · Brazil
1040
-44
|BBQ| Feynman
3:54 Loom
10:04 Feudal Age
14:49 Double-Bit Axe
18:09 Scale Barding Armor
20:30 Castle Age
20:06 Horse Collar
YNWA27
7:07 Loom
9:14 Feudal Age
10:54 Double-Bit Axe
11:34 Horse Collar
17:24 Castle Age
15:50 Scale Barding Armor
16:41 Horse Collar
17:16 Bloodlines
17:39 Forging
Makeiko
5:35 Loom
10:34 Feudal Age
11:42 Double-Bit Axe
21:04 Castle Age
eaglefly88
9:03 Loom
11:32 Feudal Age
12:14 Double-Bit Axe
12:16 Horse Collar
14:16 Wheelbarrow
20:37 Town Watch
Connection lost

Rejoining the realm…

Still unreachable

The connection could not be restored.

Session expired

The server has moved on; the page needs a fresh start.